cohdb
Replays
Latest Replays
All Replays
Popular Replays
Top Player Replays
Match Explorer
How It Works
Community
CoH3 Stats
Reddit
Sign in to upload your games and track your stats! →
Sign in with Steam
Match 42788115
Unlisted
Match 42788115
Overview
Messages
Build Orders
End
Vickers Machine Gun Team
Construct Section Command Post
Infantry Section
Infantry Section
Infantry Section
Construct Platoon Command Post
Humber Armored Car
CMP 15cwt Truck
Grenade Package
Selects Canadian Shock Battlegroup
Selects Attacking Spirit
Selects Incendiary Munitions
Selects Canadian Shock Section
6-pounder Anti-tank Gun Team
Construct Company Command Post
Selects Pyrotechnics
Chief
Forticon
Nito
R.U.C
Rowen
Team saupiquet
0
0
Comments
sign in to comment!
No comments posted yet!